 Dungeon Crawl Stone Soup version 0.19.0-19-g8c6edcc (webtiles) character file.

146 Luna the Stinger (level 5, -4/40 (41) HPs)
             Began as a Ghoul Venom Mage on Nov 14, 2016.
             Slain by an ice beast (7 damage)
             ... on level 2 of the Dungeon.
             The game lasted 00:29:19 (3281 turns).

Luna the Stinger (Ghoul Venom Mage)                 Turns: 3281, Time: 00:29:19

HP:   -4/40 (41)    AC:  2    Str: 12    XL:     5   Next: 28%
MP:   7/7           EV: 12    Int: 10    God:
Gold: 111           SH:  0    Dex: 10    Spells: 1 memorised, 7 levels left

rFire  . . .     SeeInvis .       - Unarmed
rCold  + . .     Gourm    .     a - +0 robe
rNeg   + + +     Faith    .     (no shield)
rPois  ∞         Spirit   .     (no helmet)
rElec  .         Reflect  .     (no cloak)
rCorr  .         Harm     .     (no gloves)
MR     .....                    (no boots)
Stlth  ++........               (no amulet)
                                (no ring)
                                (no ring)

@: rotting
A: rotting body, claws 1, carnivore 3, cold resistance 1, negative energy
resistance 3, slow regeneration 1, torment resistance, unbreathing
a: no special abilities


You were on level 2 of the Dungeon.
You were not hungry.

You visited 1 branch of the dungeon, and saw 4 of its levels.

You collected 111 gold pieces.

Inventory:

Hand Weapons
 c - a +0 short sword
 e - a +0 short sword
 f - a +0 dagger
 h - a +0 club
 j - a +0 hand axe
 p - a +0 hand axe
 w - a +0 club
 z - a +0 club
 C - a +0 club
 D - a +0 club
 E - a +0 quarterstaff
 F - a +0 dagger
 J - a +0 dagger
 M - a +0 club
 R - a +0 arbalest
Missiles
 d - 55 arrows
 s - 22 stones (quivered)
 G - 4 large rocks
 Q - 19 sling bullets
 S - 26 bolts
Armour
 a - a +0 robe (worn)
 l - a +0 ring mail
 I - a +0 leather armour
 L - a +0 centaur barding
 O - a +0 buckler
 T - a +0 ring mail
Jewellery
 n - an uncursed ring of poison resistance
 U - an uncursed amulet of magic regeneration {unknown}
Scrolls
 i - a scroll of immolation {unknown}
 m - a scroll of recharging {unknown}
 o - a scroll of magic mapping {unknown}
 q - 2 scrolls of amnesia
 t - 2 scrolls of teleportation {unknown}
 u - 3 scrolls of enchant weapon
 v - a scroll of fog {unknown}
 x - a scroll of random uselessness {unknown}
 y - 2 scrolls of identify
 B - 3 scrolls of remove curse {unknown}
Potions
 g - 2 potions of lignification {unknown}
 k - a potion of cure mutation {unknown}
 A - a potion of degeneration {unknown}
 H - a potion of haste {unknown}
 N - a potion of ambrosia {unknown}
 P - a potion of magic {unknown}
Books
 b - a Young Poisoner's Handbook

   Spells                             Type                      Level
   a - Sting                          Conjuration/Poison           1
   b - Mephitic Cloud                 Conjuration/Poison/Air       3
   c - Olgreb's Toxic Radiance        Poison                       4
   d - Alistair's Intoxication        Transmutation/Poison         5
   e - Venom Bolt                     Conjuration/Poison           5
Comestibles
 r - a bread ration
 K - a beef jerky


   Skills:
 - Level 2.0 Fighting
 - Level 1.7 Dodging
 - Level 2.7 Stealth
 + Level 2.5 Unarmed Combat
 - Level 2.0 Spellcasting
 * Level 2.2 Conjurations
 - Level 4.0 Poison Magic


You had 7 spell levels left.
You knew the following spells:

 Your Spells              Type           Power        Failure   Level  Hunger
a - Sting                 Conj/Pois      #...         10%         1    ##.....


Dungeon Overview and Level Annotations

Branches:
Dungeon (4/15)
 Temple: D:4-7

Altars:

Annotations:
D:3 Sigmund


Innate Abilities, Weirdness & Mutations

Your body is rotting away.
You thrive on raw meat.
You are immune to poison.
You have sharp fingernails.
You are carnivorous and can eat meat at any time.
Your flesh is cold resistant. (rC+)
You are immune to negative energy. (rN+++)
You regenerate slowly when monsters are visible.
You are immune to unholy pain and torment.
You can survive without breathing.


Message History

You climb upwards.
Level annotation: Sigmund
There is a stone staircase leading down here.
You see here a bullfrog corpse.
A hobgoblin comes into view.
The hobgoblin throws a stone.
The stone hits you but does no damage.
You see here a stone.
The hobgoblin throws a stone.
The stone hits you.
* * * LOW HITPOINT WARNING * * *
There is a stone staircase leading up here.
You can't go down here!
The ice beast hits you but does no damage.
You climb upwards.
There is a stone staircase leading down here.
You feel your flesh rotting away.
There is an open door here.
The ice beast hits you.
* * * LOW HITPOINT WARNING * * *
The ice beast freezes you! You resist.
You die...

#.# #....#.# #.# #.........# #.#
#....#.# #.# #.........# #.#
#....#.###.#####.........## #.#
#....#>...................# #.#
#....#.###.#####.###....... #.#
#..................'.......
###.####....####.#####.###.....#.
#......'....'..Y.......# #.....#.
########....####@####### ###'####
#....# #.#########<...... #....#
#.#.......######.. #....#
#.#.......##...##.
#....####'#.......#.....##
#....##...........#.....#.
#....##...........#.....'.
#....##...........#.....#.
#######...........#.....##


You could see an ice beast.

Vanquished Creatures
  A bullfrog (D:3)
  3 adders (D:3)
  A worm (D:3)
  A dart slug (D:1)
  3 leopard geckos
  An orc (D:3)
  A giant cockroach (D:1)
  7 goblins
  6 hobgoblins
  5 kobolds
  A quokka (D:2)
  7 bats
  3 frilled lizards
  4 rats
44 creatures vanquished.

Notes
Turn   | Place    | Note
-------+----------+-------------------------------------------
     0 | D:1      | Luna the Ghoul Venom Mage began the quest for the Orb.
     0 | D:1      | Reached XP level 1. HP: 14/14 MP: 2/2
   354 | D:1      | Reached skill level 1 in Fighting
   354 | D:1      | Reached XP level 2. HP: 19/22 MP: 1/3
  1270 | D:2      | Reached skill level 1 in Unarmed Combat
  1322 | D:2      | Reached XP level 3. HP: 17/28 MP: 3/5
  2137 | D:3      | Reached XP level 4. HP: 36/36 MP: 4/6
  2164 | D:3      | Reached skill level 1 in Conjurations
  2341 | D:3      | Noticed Sigmund
  2379 | D:3      | HP: 1/36 [Sigmund/magic dart (6)]
  2680 | D:3      | HP: 1/36 [Sigmund/magic dart (10)]
  3193 | D:3      | Noticed a bullfrog
  3214 | D:3      | Noticed an ice beast
  3216 | D:3      | Killed a bullfrog
  3216 | D:3      | Reached XP level 5. HP: 5/41 MP: 5/7
  3281 | D:2      | Slain by an ice beast

Skill      XL: |  1  2  3  4 |
---------------+-------------+-----
Fighting       | 1 2 |  2.0
Spellcasting   | 2 |  2.0
Unarmed Combat | 1 2 |  2.5
Conjurations   | 2 |  2.2
Dodging        | |  1.7
Stealth        | |  2.7
Poison Magic   | |  4.0

Action                   |  1- 3 |  4- 6 || total
-------------------------+-------+-------++-------
Melee: Unarmed           |   104 |    36 ||   140
       Punch             |     1 |       ||     1
 Cast: Sting             |    37 |    17 ||    54
  Use: Scroll            |       |     3 ||     3
       Potion            |       |     2 ||     2
  Eat: Chunk             |    15 |     5 ||    20
       Meat ration       |     1 |       ||     1
       Beef jerky        |     1 |       ||     1
Armor: Robe              |     8 |     8 ||    16
Dodge: Dodged            |    77 |    27 ||   104
